AoeStats
← LILtrashbucket

Arabia

510220361Analyzed
1v1 RM · 2d ago on Sep 30, 2026· 60m 7s· 2 players
Game mode
Random Map
Map size
Tiny (2 player)
Population
200
Speed
Normal
Resources
Standard
Victory
Conquest
Starting age
Dark Age
Ending age
Imperial Age
RankedLock teamsTeams togetherTeam positionsShared explorationLock speedFull tech treeHidden civsTurbo modeCheats
Victory
Defeat
🇨🇱 Mongols · Chile
1332
+15
🇺🇸 Ethiopians · United States
1311
-15
LILtrashbucket
10:05 Feudal Age
10:22 Man-at-Arms
14:02 Double-Bit Axe
14:09 Fletching
20:47 Castle Age
18:32 Loom
19:07 Gold Mining
19:01 Horse Collar
21:18 Padded Archer Armor
21:24 Bodkin Arrow
21:09 Crossbowman
22:05 Padded Archer Armor
24:15 Town Watch
27:07 Wheelbarrow
29:14 Thumb Ring
31:18 Stone Mining
36:29 Bow Saw
40:42 Imperial Age
40:59 Heavy Plow
41:18 Hand Cart
41:26 Bracer
40:50 Arbalester
42:52 Chemistry
42:13 Ballistics
44:26 Siege Engineers
44:36 Onager
47:17 Leather Archer Armor
47:23 Torsion Engines
49:13 Guilds
50:24 Ring Archer Armor
50:06 Forging
50:02 Scale Barding Armor
52:16 Royal Heirs
52:23 Scale Mail Armor
52:58 Iron Casting
52:25 Squires
53:02 Conscription
52:48 Elite Shotel Warrior
sibus
5:17 Loom
8:00 Feudal Age
9:44 Double-Bit Axe
17:10 Town Watch
19:37 Fletching
19:48 Padded Archer Armor
19:55 Gold Mining
20:48 Wheelbarrow
20:48 Horse Collar
23:57 Castle Age
23:07 Bloodlines
24:33 Bodkin Arrow
24:15 Elite Skirmisher
26:05 Leather Archer Armor
26:36 Husbandry
31:00 Heavy Plow
31:12 Bow Saw
33:47 Stone Mining
35:12 Hand Cart
42:02 Imperial Age
40:49 Gold Shaft Mining
40:49 Stone Shaft Mining
40:33 Thumb Ring
41:00 Ballistics
43:50 Chemistry
42:54 Bracer
43:48 Parthian Tactics
42:54 Light Cavalry
45:19 Forging
45:15 Scale Barding Armor
45:17 Hussar
46:12 Siege Engineers
47:34 Iron Casting
47:19 Chain Barding Armor
50:00 Heavy Cavalry Archer
51:42 Blast Furnace
55:13 Conscription
Connection lost

Rejoining the realm…

Still unreachable

The connection could not be restored.

Session expired

The server has moved on; the page needs a fresh start.